 Dungeon Crawl Stone Soup version 0.31-a0-1424-g2add1c7226 (webtiles) character file.

Game seed: 962071849870724569

2110 grandjackal the Digger (level 9, -3/57 HPs)
             Began as a Vampire Earth Elementalist on Dec 26, 2023.
             Was a Believer of Kikubaaqudgha.
             Slain by an orc warrior
             ... wielding a +2 glaive of venom
              (13 damage)
             ... on level 7 of the Dungeon.
             The game lasted 00:13:36 (6012 turns).

grandjackal the Digger (Vampire Earth Elementalist) Turns: 6012, Time: 00:13:37

Health: -3/57      AC:  5    Str:  7      XL:     9   Next: 7%
Magic:  11/12      EV: 12    Int: 28      God:    Kikubaaqudgha [**....]
Gold:   263        SH:  0    Dex: 13 (14) Spells: 5/12 levels left

rFire   . . .        d - +0 dagger
rCold   . . .        (no shield)
rNeg    . . .        a - +0 robe
rPois   .            v - +2 hat
rElec   .            (no cloak)
rCorr   .            (no gloves)
SInv    +            n - +0 pair of boots
Will    +....        (no amulet)
Stlth   +++          j - +6 ring of intelligence
HPRegen 0.49/turn    t - ring of willpower
MPRegen 0.13/turn

%: no passive effects
@: lethally poisoned (-3 -> -7), healing quickly
A: alive, fangs 3, see invisible, vampiric 2
a: Exsanguinate, Renounce Religion, Unearth Wretches


You were on level 7 of the Dungeon.
You worshipped Kikubaaqudgha.
Kikubaaqudgha was pleased with you.
You visited 1 branch of the dungeon, and saw 7 of its levels.

You collected 263 gold pieces.

Inventory:

Hand Weapons
 d - a +0 dagger (weapon)
Armour
 a - a +0 robe (worn)
 n - a +0 pair of boots (worn)
 q - a +0 helmet
 v - a +2 hat (worn)
Magical Staves
 u - a staff of earth
Jewellery
 j - a +6 ring of intelligence (left hand)
 t - a ring of willpower (right hand)
 w - a ring of willpower
Wands
 s - a wand of flame (36)
 C - a wand of quicksilver (8)
 E - a wand of mindburst (19)
Scrolls
 c - a scroll of fear {unknown}
 e - 6 scrolls of teleportation
 g - a scroll of summoning
 i - 3 scrolls of poison
 k - a scroll of acquirement {unknown}
 m - a scroll of blinking
 r - a scroll of brand weapon {unknown}
 y - a scroll of fog {unknown}
 A - a scroll of enchant armour {unknown}
 D - a scroll of noise {unknown}
Potions
 b - a potion of magic
 f - a potion of lignification
 h - 2 potions of mutation
 l - 5 potions of curing
 o - a potion of attraction {unknown}
 p - 3 potions of might
 x - a potion of haste {unknown}
 z - a potion of enlightenment {unknown}
 B - 2 potions of heal wounds {unknown}


   Skills:
 - Level 4.2 Short Blades
 - Level 2.1 Dodging
 - Level 6.2 Stealth
 - Level 2.0 Spellcasting
 + Level 6.2 Necromancy
 + Level 7.0 Earth Magic
 + Level 6.9 Alchemy


You had 5 spell levels left.
You knew the following spells:

 Your Spells              Type           Power      Damage    Failure   Level
a - Sandblast             Erth           84%        2d18      1%          1
b - Passwall              Alch/Erth      34%        N/A       1%          2
c - Petrify               Alch/Erth      41%        N/A       5%          4

Your spell library contained the following spells:

 Spells                   Type           Power      Damage    Failure   Level
 Necrotise                Necr           100%       1d9       1%          1
 Sublimation of Blood     Necr           37%        N/A       1%          2
 Kiss of Death            Conj/Necr      80%        2d11      2%          1
 Cigotuvi's Dreadful Rot  Necr/Alch/Air  54%        N/A       2%          2
 Stone Arrow              Conj/Erth      44%        3d9       6%          3
 Summon Small Mammal      Summ           8%         N/A       9%          1
 Brom's Barrelling Bould  Conj/Erth      22%        2d4       22%         4
 Call Canine Familiar     Summ           2%         N/A       26%         3
 Summon Guardian Golem    Hex/Summ       2%         N/A       26%         3
 Chain Lightning          Conj/Air       1%         3d1       100%        9
 Fire Storm               Conj/Fire      1%         7d1       100%        9
 Shatter                  Erth           21%        3d19*     100%        9


Dungeon Overview and Level Annotations

Branches:
Dungeon (7/15)             Temple (0/1) D:7

Altars:
Ashenzari
Cheibriados
Kikubaaqudgha
Makhleb

Shops:
D:4 =   D:5 =

Portals:
Bailey: D:7

Annotations:
D:3 1 runed translucent door, bmb222's ghost, weakling OnDe


Innate Abilities, Weirdness & Mutations

Your natural rate of healing is accelerated.
You have razor-sharp teeth.
You have supernaturally acute eyesight. (SInv)
You are afflicted with vampirism and can become a bat while bloodless.


Message History

You see here a potion of curing.
A goblin and an orc come into view.
The orc priest shouts!
You hear a shout!
The orc shouts!
You hear a shout!
An orc warrior comes into view. It is wielding a +2 glaive of venom.
A goblin comes into view.
The orc shouts!
A goblin comes into view.
Found an escape hatch in the floor and a flagged portal.
The goblin shouts!
You hear a shout!
The orc closely misses you.
The orc priest begins to cast a cantrip, but forgets the words!
The orc warrior hits you from afar with a +2 glaive of venom!
You are poisoned.
A goblin comes into view.
You feel very sick.
The orc priest invokes the aid of Beogh against you.
Beogh smites you!
The orc warrior attacks as it pursues you!
The orc warrior misses you.
You feel very sick.
You feel sick.
The orc priest mumbles some strange prayers to Beogh against you.
Beogh smites you!
* * * LOW HITPOINT WARNING * * *
The orc warrior attacks as it pursues you!
The orc warrior barely misses you.
You see here a potion of curing.
Casting: Petrify (dangerous; 5% risk of failure)
Confirm with . or Enter, or press ? or * to list all spells.
Aiming: Sandblast (safe; 1% risk of failure)
Press: ? - help, Shift-Dir - straight line, f - orc
Aim: an orc, wielding a +0 club (85% to hit)
The blast of sand hits the orc!
You kill the orc!
Kikubaaqudgha accepts your kill.
You hear the faint creaking of a portcullis very nearby.
You feel sick.
The orc warrior hits you from afar with a +2 glaive of venom!
You die...
Kikubaaqudgha rasps: "You have failed me!
Welcome... death!"

### ..# #.# # # ##.#####
.# #.# ###..#...# .#
....#......#.# ..#
#...#..##..# #..### .. #
##..##...####.....#
#..####..###...@)ooo....#
#.......###.######.......
..#...>..#..# .....##
#...#.......# .......
#.#.##.##..## ###.≈≈≈ #.
#.## ##.# .≈gg #.
#..###..#


≈gg #.##.......# .. ##..........# You could see an orc warrior, an orc priest
and an orc.

Vanquished Creatures
  Grinder (D:4)
  A wyvern (D:7)
  A steam dragon (D:6)
  A water moccasin (D:5)
  An orc warrior (D:6)
  A black bear (D:5)
  2 ogres
  A phantom (D:6)
  A kobold brigand (D:5)
  A gnoll sergeant (D:5)
  3 scorpions (D:6)
  A wight (D:7)
  2 hounds
  An iron imp (D:5)
  A sleepcap (D:5)
  A gnoll bouda (D:3)
  Terence (D:3)
  5 iguanas
  7 orc wizards
  12 gnolls
  6 adders
  A white imp (D:6)
  A worm (D:2)
  4 dart slugs
  13 orcs
  7 endoplasms
  3 giant cockroaches
  6 goblins
  5 hobgoblins
  12 kobolds
  3 quokkas
  8 ball pythons
  8 bats
  A frilled lizard (D:1)
  7 rats
130 creatures vanquished.

Vanquished Creatures (others)
  An adder (D:4)
  An orc (D:6)
2 creatures vanquished.

Grand Total: 132 creatures vanquished

Notes
Turn   | Place    | Note
-------+----------+-------------------------------------------
     0 | D:1      | grandjackal the Vampire Earth Elementalist began the quest
                  | for the Orb.
     0 | D:1      | Reached XP level 1. HP: 13/13 MP: 3/3
   215 | D:1      | Reached XP level 2. HP: 16/19 MP: 5/5
   559 | D:1      | Reached skill level 1 in Short Blades
   594 | D:1      | Gained mutation: You are afflicted with vampirism and can
                  | become a bat while bloodless. [Vampire growth]
   594 | D:1      | Reached XP level 3. HP: 24/24 MP: 6/6
   857 | D:2      | Learned a level 2 spell: Passwall
  1269 | D:2      | Reached XP level 4. HP: 11/30 MP: 5/7
  1750 | D:2      | Learned a level 4 spell: Petrify
  1757 | D:3      | Found a burning altar of Makhleb.
  1792 | D:3      | Reached XP level 5. HP: 35/35 MP: 2/8
  1892 | D:3      | Noticed Terence
  1937 | D:3      | Killed Terence
  1938 | D:3      | Reached skill level 4 in Earth Magic
  1970 | D:3      | Found an ancient bone altar of Kikubaaqudgha.
  1978 | D:3      | Became a worshipper of Kikubaaqudgha
  2057 | D:3      | Found a runed translucent door.
  2061 | D:3      | Noticed bmb222's ghost (weakling OnDe)
  2106 | D:3      | Reached skill level 5 in Stealth
  2610 | D:4      | Found Sulat's Jewellery Shop.
  2711 | D:3      | Reached skill level 1 in Necromancy
  3087 | D:4      | Reached XP level 6. HP: 41/41 MP: 9/9
  3216 | D:4      | Noticed Grinder
  3448 | D:4      | Killed Grinder
  3449 | D:4      | Reached XP level 7. HP: 23/46 MP: 5/10
  3622 | D:4      | Found a broken altar of Ashenzari.
  3723 | D:5      | Entered Level 5 of the Dungeon
  3826 | D:5      | Reached skill level 5 in Earth Magic
  3826 | D:5      | Found Zeadam's Jewellery Shoppe.
  3981 | D:5      | Reached * piety under Kikubaaqudgha
  3981 | D:5      | Received a gift from Kikubaaqudgha
  4079 | D:5      | Found a snail-covered altar of Cheibriados.
  4273 | D:5      | Reached skill level 5 in Alchemy
  4273 | D:5      | Reached XP level 8. HP: 42/52 MP: 3/11
  4953 | D:6      | Reached skill level 6 in Earth Magic
  5070 | D:6      | Reached skill level 5 in Necromancy
  5964 | D:7      | Reached XP level 9. HP: 51/51 MP: 12/12
  5978 | D:7      | Reached ** piety under Kikubaaqudgha
  5979 | D:7      | Reached skill level 7 in Earth Magic
  5991 | D:7      | Found a staircase to the Ecumenical Temple.
  6008 | D:7      | Found a flagged portal.
  6012 | D:7      | Slain by an orc warrior

Illustrated notes

Levels and vault maps discovered:
D:1:      saegor_arrival_simple_e, layout_basic, hangedman_decor_points
D:2:      layout_basic
D:3:      kennysheep_big_flooded_room, layout_rooms, kiku_gazebo_garden_becter,
          mainiacjoe_overflow_concentric_impassable, ebering_ghost_sewer_d,
          uniq_terence
D:4:      layout_loops_cross, marbit_many_paths, serial_shops, shop,
          uniq_grinder
D:5:      layout_cave_pools, slow_altar_2, serial_shops, shop
D:6:      layout_layer_cave, st_stairs_11, chequers_serial_rivers_room_a
D:7:      layout_loops_ring, minmay_temple_entry_wispy, enter_bailey_5,
          lemuel_flame_loot_1

Skill      XL: |  1  2  3  4  5  6  7  8  9 |
---------------+----------------------------+-----
Short Blades   | 1 2 3 4 |  4.2
Alchemy        | 2 3 5 6 |  6.9
Stealth        | 4 5 6 |  6.2
Earth Magic    | 4 5 6 7 |  7.0
Necromancy     | 1 2 4 6 |  6.2
Dodging        | |  2.1
Spellcasting   | |  2.0

Action                     |  1- 3 |  4- 6 |  7- 9 || total
---------------------------+-------+-------+-------++-------
  Melee: Spear             |   107 |       |       ||   107
         Bite              |     9 |    15 |     5 ||    29
         Punch             |     1 |     1 |       ||     2
         Dagger            |    21 |   115 |    38 ||   174
   Cast: Sandblast         |    14 |    28 |    84 ||   126
         Petrify           |       |     4 |     9 ||    13
         Passwall          |       |       |     1 ||     1
Ability: End Transformatio |       |       |     1 ||     1
         Bat Form          |       |       |     1 ||     1
         Exsanguinate      |       |       |     1 ||     1
         Revivify          |       |       |     1 ||     1
    Use: Scroll            |     4 |     3 |     1 ||     8
   Stab: Sleeping          |    10 |     6 |     6 ||    22
         Petrified         |       |     3 |    12 ||    15
 Armour: Robe              |    77 |    79 |    61 ||   217
         Skin              |       |       |     1 ||     1
  Dodge: Dodged            |    85 |    66 |    42 ||   193

Table legend: (Time is in decaauts)
 A = Elapsed time spent in this place.
 B = Non-inter-level travel time spent in this place.
 C = Inter-level travel time spent in this place.
 D = Time resting spent in this place.
 E = Time spent auto-exploring this place.
 F = Levels seen in this place.
 G = Mean time per level.
                   A        B        C        D        E       F      G
               +--------+--------+--------+--------+--------+-----+--------+
         Total |   6048 |   5837 |    211 |   1118 |   3231 |   7 |  864.0 |
       Dungeon |   6048 |   5837 |    211 |   1118 |   3231 |   7 |  864.0 |
               +--------+--------+--------+--------+--------+-----+--------+

Top non-repeatable levels by time:
     D:6: 1304 daAuts
     D:3: 1112 daAuts
     D:5: 916 daAuts
     D:4: 904 daAuts
     D:2: 902 daAuts
     D:1: 864 daAuts
     D:7: 42 daAuts
